 Dungeon Crawl Stone Soup version 0.28-a0-425-gd0eccab798 (webtiles) character file.

Game seed: 5914808221344943541

46749 heikuro the Carver (level 14, -1/115 HPs)
             Began as a Formicid Fighter on Sept 10, 2021.
             Was an Initiate of Gozag.
             Killed from afar by a swamp worm (19 damage)
             ... with a harpoon shot
             ... on level 1 of the Lair of Beasts.
             The game lasted 00:42:40 (14991 turns).

heikuro the Carver (Formicid Fighter)              Turns: 14991, Time: 00:42:41

Health: -1/115     AC: 23    Str: 29    XL:     14   Next: 78%
Magic:  14/14      EV:  6    Int: 10    God:    Gozag
Gold:   544        SH: 15    Dex: 11    Spells: 13/13 levels left

rFire   + . .      SeeInvis +   a - +3 triple sword (holy)
rCold   + . .      Faith    .   m - +0 tower shield
rNeg    . . .      Spirit   .   j - +2 plate armour {rPois}
rPois   +          Reflect  .   (helmet unavailable)
rElec   +          Harm     .   (no cloak)
rCorr   +          Rampage  .   A - +0 pair of gloves
Will    +....                   (no boots)
Stlth   ..........              h - amulet of regeneration
HPRegen 1.29/turn               K - +6 ring of strength
MPRegen 0.14/turn               M - +4 ring of protection

@: mighty, resistant, flying (expiring)
A: permanent stasis, dig shafts and tunnels, antennae 3, four strong arms
a: Dig, Shaft Self, Renounce Religion, Potion Petition, Call Merchant, Bribe
Branch


You were on level 1 of the Lair of Beasts.
You worshipped Gozag.
Gozag was pleased with you.
You visited 3 branches of the dungeon, and saw 17 of its levels.
You also visited: Bailey.

You collected 4688 gold pieces.
You spent 1527 gold pieces at shops.
You paid 2617 gold pieces to Gozag.

Inventory:

Hand Weapons
 a - a +3 triple sword of holy wrath (weapon)
 b - a +3 scimitar of flaming
 o - the +6 hunting sling of Forgiveness {freeze, rElec rN++ Int-5 Dex+2}
   (You bought it in a shop on level 15 of the Dungeon)

   Any ammunition fired from it freezes those it strikes, dealing additional
   cold damage.
   It can also slow down cold-blooded creatures.
   Int:       It affects your intelligence (-5).
   Dex:       It affects your dexterity (+2).
   rElec:     It insulates you from electricity.
   rN:        It greatly protects you from negative energy.
 s - a +2 spear of venom
 O - the +10 morningstar "Goblinslayer" {protect, Int+4}
   (You found it on level 9 of the Dungeon)

   It grants its wielder temporary protection when it strikes (+7 to AC).
   Int:       It affects your intelligence (+4).
Missiles
 C - 85 poisoned darts (quivered)
 E - 2 curare-tipped darts
 Q - 4 throwing nets
 T - 3 boomerangs of dispersal
Armour
 j - a +2 plate armour of poison resistance (worn)
 m - a +0 tower shield (worn)
 A - a +0 pair of gloves (worn)
 B - a +0 kite shield of cold resistance
Jewellery
 h - an amulet of regeneration (around neck)
 r - a +4 ring of evasion
 x - an amulet of reflection
 K - a +6 ring of strength (left hand)
 M - a +4 ring of protection (right hand)
Wands
 f - a wand of acid (1)
 n - a wand of mindburst (20)
 u - a wand of paralysis (18)
 J - a wand of polymorph (43)
 L - a wand of flame (20)
 N - a wand of iceblast (26)
Scrolls
 i - 4 scrolls of amnesia
 k - 2 scrolls of fog
 p - 3 scrolls of enchant weapon {unknown}
 q - 3 scrolls of enchant armour
 t - a scroll of torment {unknown}
 v - 4 scrolls of magic mapping
 w - 3 scrolls of fear
 y - 2 scrolls of holy word {unknown}
 z - a scroll of noise {unknown}
 D - a scroll of summoning {unknown}
 F - 2 scrolls of immolation {unknown}
 G - a scroll of brand weapon {unknown}
 S - a scroll of vulnerability {unknown}
Potions
 d - 2 potions of might
 e - a potion of cancellation
 g - 3 potions of lignification
 l - 2 potions of mutation
 H - a potion of flight
 I - 2 potions of curing
 P - 2 potions of invisibility
 R - 2 potions of resistance


   Skills:
 + Level 12.2 Fighting
 * Level 14.3 Long Blades
 + Level 12.2 Armour
 + Level 9.7 Shields
 + Level 11.3 Evocations


You had 13 spell levels left.
You didn't know any spells.
Your spell library contained the following spells:

 Spells                   Type           Power      Damage    Failure   Level
 Animate Skeleton         Necr           0%         N/A       100%        1
 Apportation              Tloc           0%         N/A       100%        1
 Shock                    Conj/Air       0%         1d3       100%        1
 Summon Small Mammal      Summ           0%         N/A       100%        1
 Corpse Rot               Necr/Air       N/A        N/A       100%        2
 Poisonous Vapours        Pois/Air       0%         N/A       100%        2
 Ozocubu's Armour         Ice            0%         N/A       100%        3
 Portal Projectile        Hex/Tloc       0%         N/A       100%        3
 Summon Guardian Golem    Hex/Summ       0%         N/A       100%        3
 Airstrike                Air            0%         N/A       100%        4
 Dispel Undead            Necr           0%         3d6       100%        4
 Petrify                  Tmut/Erth      0%         N/A       100%        4
 Blade Hands              Tmut           0%         N/A       100%        5
 Excruciating Wounds      Necr           0%         N/A       100%        5
 Metabolic Englaciation   Hex/Ice        0%         N/A       100%        5
 Death Channel            Necr           0%         N/A       100%        6
 Statue Form              Tmut/Erth      0%         N/A       100%        6
 Malign Gateway           Summ/Tloc      0%         N/A       100%        7
 Orb of Destruction       Conj           0%         N/A       100%        7
 Ozocubu's Refrigeration  Ice            0%         4d5       100%        7
 Spellforged Servitor     Conj/Summ      0%         N/A       100%        7
 Borgnjor's Revivificati  Necr           0%         N/A       100%        8
 Necromutation            Tmut/Necr      0%         N/A       100%        8
 Summon Horrible Things   Summ           0%         N/A       100%        8
 Death's Door             Necr           0%         N/A       100%        9
 Swiftness                Air            Unusable   N/A       N/A         3

Dungeon Overview and Level Annotations

Branches:
Dungeon (15/15)            Temple (1/1) D:5            Lair (1/6) D:11
    Orc (0/2) D:9          Vaults (0/5) D:13         Depths (0/5) D:15
 Bailey (visited)

Altars:
Ashenzari
Cheibriados
Dithmenos
Elyvilon
Fedhas
Gozag
Hepliaklqana
Kikubaaqudgha
Makhleb
Nemelex Xobeh
Okawaru
Qazlal
Ru
Sif Muna
Trog
Uskayaw
Vehumet
Wu Jian
Xom
Yredelemnul
Zin
The Shining One

Shops:
D:4 ?[:[?   D:11 =(   D:15 *

Annotations:
Lair:1 1 transporter


Innate Abilities, Weirdness & Mutations

You cannot be hasted, slowed, berserked, paralysed or teleported.
You can dig through walls and to a lower floor.
You have a pair of large antennae on your head. (SInv)
Your four strong arms can wield two-handed weapons with a shield.


Message History

[b] - 176 gold - heal wounds and curing [c] - 456 gold - resistance, might and heal wounds Purchase which effect?
You feel protected.
You feel very mighty all of a sudden.
You feel much better. You block the swamp worm's attack.
The swamp worm bites you but does no damage.
You barely miss the swamp worm.
The swamp worm is almost dead.
The swamp worm bites you but does no damage.
You block the swamp worm's attack.
The swamp worm bites you but does no damage.
The swamp worm bites you!
* * * LOW HITPOINT WARNING * * *
Your shield and plate armour prevent you from hitting the swamp worm.
The swamp worm is severely wounded.
The swamp worm fires a harpoon shot at you.
The harpoon shot hits you but does no damage.
The swamp worm barely misses you. The swamp worm bites you.
* * * LOW HITPOINT WARNING * * *
You block the swamp worm's attack.
The swamp worm bites you but does no damage.
You slash the briar patch!
The briar patch is severely damaged.
The swamp worm barely misses you. You block the swamp worm's attack.
The swamp worm fires a harpoon shot at you.
The harpoon shot misses you.
Unknown command.
You slash the briar patch!
You destroy the briar patch!
The swamp worm bites you but does no damage.
The swamp worm bites you.
* * * LOW HITPOINT WARNING * * *
The swamp worm bites you!
* * * LOW HITPOINT WARNING * * *
The swamp worm bites you but does no damage.
You are starting to lose your buoyancy.
The swamp worm fires a harpoon shot at you.
The harpoon shot hits you!!
You die...
Your body crumbles into a pile of gold.

#..........## #.........###...
...........# #####.........# #...
...........###.............# #...
...........##..#########...###...
...............##w#♣#w##....##...
............####≈≈#≈≈≈≈##..###...
............#[(#PP°PPPPP#..# #...
....!......©#©?+§^^^^^^©#©.# #...
............#=!#@P§○...P#..###...
............####§§§#≈≈≈##..##....
...............#w#w#w#♣#...###...
...............#########..####...
..............#...........(......
..(...........###.#######.#.P.#..
..............# #.#######.#...#..
##....P.##..#####......[.........
##.#...............≈≈≈≈≈≈≈.......


You could see 4 swamp worms.

Vanquished Creatures
  Kirke (D:13)
  Louise (D:14)
  An ironbound preserver (D:13)
  A stone giant (D:15)
  2 hydras
  A boulder beetle (D:11)
  Erica (D:9)
  A catoblepas (D:13)
  A centaur warrior (D:14)
  6 two-headed ogres
  5 tengu warriors
  3 death yaks (D:11)
  7 skeletal warriors
  A deep troll (D:9)
  A wizard (D:15)
  5 cyclopes
  An orc knight (Bailey)
  2 deep elf pyromancers
  6 slime creatures
  10 ugly things
  3 manticores
  5 gargoyles (D:7)
  Maggie (D:7)
  An unseen horror (D:13)
  An efreet (D:15)
  A rime drake (shapeshifter) (D:9)
  2 komodo dragons (D:11)
  A freezing wraith (D:14)
  A tengu conjurer (D:15)
  6 trolls
  A hornet (shapeshifter) (D:13)
  The ghost of AttackTheMoon the Shield-Bearer, an amateur FoFi of Cheibriados (D:4)
  2 wraiths (D:11)
  A tarantella (shapeshifter) (D:9)
  A hog (D:13)
  A basilisk (D:13)
  A wyvern (D:7)
  12 yaks
  10 vampire mosquitoes
  A steam dragon (D:9)
  Menkaure (D:6)
  An acid dragon (D:12)
  5 water moccasins
  9 orc warriors
  2 hornet zombies
  An ice beast (D:5)
  2 necrophages (D:8)
  3 ogres
  3 boggarts
  7 centaurs
  4 phantoms
  3 kobold brigands
  4 bullfrogs
  3 scorpions
  A water moccasin zombie (D:6)
  4 gnoll sergeants
  A water moccasin skeleton (D:7)
  12 killer bees
  An electric eel (Lair:1)
  8 orc priests
  3 jellies
  9 hounds
  A centaur skeleton (D:5)
  An iguana (D:12)
  15 orc wizards
  A hound skeleton (D:5)
  A howler monkey zombie (D:8)
  Robin (D:3)
  25 gnolls
  2 howler monkey skeletons (D:7)
  3 adders
  A river rat (D:11)
  A shadow imp (D:6)
  2 ufetubi (D:6)
  An adder skeleton (D:4)
  4 dart slugs
  33 orcs
  4 bats
  5 endoplasms
  2 giant cockroaches
  12 goblins
  9 hobgoblins
  4 quokkas
  8 ball pythons
  3 frilled lizards
  23 kobolds
  8 rats
  3 briar patches (Lair:1)
370 creatures vanquished.

Vanquished Creatures (others)
  2 briar patches (Lair:1)
  A plant (Lair:1)
3 creatures vanquished.

Grand Total: 373 creatures vanquished

Notes
Turn   | Place    | Note
-------+----------+-------------------------------------------
     0 | D:1      | heikuro the Formicid Fighter began the quest for the Orb.
     0 | D:1      | Reached XP level 1. HP: 18/18 MP: 1/1
   519 | D:1      | Reached XP level 2. HP: 22/24 MP: 2/2
  1113 | D:2      | Reached XP level 3. HP: 29/29 MP: 3/3
  1822 | D:3      | Noticed Robin
  1850 | D:2      | Reached skill level 3 in Long Blades
  1878 | D:3      | Reached XP level 4. HP: 37/37 MP: 4/4
  1889 | D:3      | Killed Robin
  1991 | D:3      | Noticed a water moccasin
  2010 | D:3      | Killed a water moccasin
  2011 | D:3      | Reached skill level 4 in Long Blades
  2011 | D:3      | Reached XP level 5. HP: 35/42 MP: 5/5
  2067 | D:3      | Reached XP level 6. HP: 49/49 MP: 6/6
  2140 | D:3      | Found a shadowy altar of Dithmenos.
  2440 | D:4      | Found Tetuh's Magic Scroll Shop.
  2513 | D:4      | Found Soymuad's Antique Armour Boutique.
  2544 | D:4      | Found Ytufidd's Armour Shoppe.
  2555 | D:4      | Noticed an ogre
  2562 | D:4      | Killed an ogre
  2563 | D:4      | Reached skill level 5 in Long Blades
  2563 | D:4      | Reached XP level 7. HP: 38/55 MP: 7/7
  2629 | D:4      | Reached skill level 5 in Fighting
  2629 | D:4      | Reached skill level 5 in Armour
  2735 | D:4      | Found Oklug's Book Emporium.
  2770 | D:4      | Found a runed translucent gate.
  2771 | D:4      | Found a runed translucent gate.
  2771 | D:4      | Found an opulent altar of Gozag.
  2772 | D:4      | Found a runed translucent gate.
  2777 | D:4      | Noticed AttackTheMoon's ghost (amateur FoFi)
  2813 | D:4      | Found Bimoeka's Magic Scroll Boutique.
  2912 | D:4      | Found a white marble altar of Elyvilon.
  3106 | D:5      | Entered Level 5 of the Dungeon
  3175 | D:5      | Reached skill level 1 in Evocations
  3184 | D:5      | Reached skill level 6 in Long Blades
  3219 | D:5      | Reached XP level 8. HP: 61/63 MP: 8/8
  3760 | D:5      | Reached skill level 7 in Long Blades
  3974 | D:5      | Found a staircase to the Ecumenical Temple.
  4162 | Temple   | Entered the Ecumenical Temple
  4476 | Temple   | Became a worshipper of Gozag Ym Sagoz the Greedy
  4613 | D:4      | Bought a scroll of magic mapping for 49 gold pieces
  4802 | D:6      | Reached XP level 9. HP: 69/69 MP: 9/9
  5139 | D:6      | Noticed Menkaure
  5150 | D:6      | Killed Menkaure
  5151 | D:6      | Reached skill level 8 in Long Blades
  5318 | D:4      | Bought a +0 kite shield of cold resistance for 161 gold
                  | pieces
  5524 | D:6      | Noticed a two-headed ogre
  5535 | D:6      | Killed a two-headed ogre
  5697 | D:7      | Reached XP level 10. HP: 76/79 MP: 10/10
  5897 | D:7      | Reached skill level 5 in Evocations
  5946 | D:7      | Reached skill level 5 in Shields
  6100 | D:7      | Reached skill level 9 in Long Blades
  6247 | D:7      | Noticed a gargoyle
  6290 | D:7      | Killed a gargoyle
  6300 | D:7      | Noticed a gargoyle
  6307 | D:7      | Killed a gargoyle
  6450 | D:7      | Noticed Maggie
  6472 | D:7      | Killed Maggie
  6614 | D:7      | Noticed a gargoyle
  6620 | D:7      | Killed a gargoyle
  6628 | D:7      | Noticed a gargoyle
  6644 | D:7      | Killed a gargoyle
  6682 | D:7      | Noticed a gargoyle
  6685 | D:7      | Killed a gargoyle
  6801 | D:8      | Reached XP level 11. HP: 86/86 MP: 11/11
  7610 | D:4      | Bought a scroll of acquirement for 728 gold pieces
  7610 | D:4      | Acquired 1134 gold pieces
  7659 | D:4      | Killed AttackTheMoon's ghost
  7907 | D:9      | Noticed a green ugly thing
  7917 | D:9      | Killed a green ugly thing
  7932 | D:9      | Noticed a two-headed ogre
  7944 | D:9      | Killed a two-headed ogre
  7993 | D:9      | Reached skill level 10 in Long Blades
  8097 | D:9      | Noticed a deep troll
  8100 | D:9      | Noticed a tengu warrior
  8124 | D:9      | Killed a tengu warrior
  8172 | D:9      | Noticed a two-headed ogre
  8179 | D:9      | Killed a two-headed ogre
  8189 | D:9      | Noticed a cyclops
  8193 | D:9      | Killed a deep troll
  8203 | D:9      | Killed a cyclops
  8204 | D:9      | Reached XP level 12. HP: 93/96 MP: 12/12
  8212 | D:9      | Identified the +10 morningstar "Goblinslayer" {protect,
                  | Int+4}
  8387 | D:9      | Found a staircase to the Orcish Mines.
  8600 | D:10     | Entered Level 10 of the Dungeon
  8615 | D:10     | Noticed Erica
  8649 | D:9      | Killed Erica
  8650 | D:9      | Reached skill level 11 in Long Blades
  8806 | D:10     | Noticed a two-headed ogre
  8816 | D:10     | Killed a two-headed ogre
  8831 | D:10     | Found a stormy altar of Qazlal.
  8958 | D:10     | Reached skill level 10 in Fighting
  8958 | D:10     | Reached skill level 10 in Armour
  9064 | D:10     | Found a hide-covered altar of Uskayaw.
  9452 | D:11     | Bought a steaming battleaxe for 414 gold pieces
  9452 | D:11     | Identified the +4 battleaxe of False Accusations {vorpal,
                  | rN+ rCorr MP-9} (You bought it in a shop on level 11 of the
                  | Dungeon)
  9778 | D:11     | Found a staircase to the Lair.
  9790 | D:11     | Noticed a death yak
  9790 | D:11     | Noticed a death yak
  9790 | D:11     | Noticed a death yak
  9810 | D:11     | Killed a death yak
  9819 | D:11     | Killed a death yak
  9830 | D:11     | Killed a death yak
 10077 | D:11     | Noticed a boulder beetle
 10096 | D:11     | Killed a boulder beetle
 10148 | D:11     | Reached XP level 13. HP: 99/104 MP: 13/13
 10159 | D:11     | Reached skill level 12 in Long Blades
 10196 | Lair:1   | Entered Level 1 of the Lair of Beasts
 10982 | D:12     | Found a bloodstained altar of Trog.
 11114 | D:13     | Noticed a four-headed hydra
 11116 | D:13     | Identified the +0 ring mail of Feyrex {Rampage rF- rCorr
                  | Stlth+}
 11117 | D:13     | Noticed Kirke
 11242 | D:13     | Found a flagged portal.
 11252 | Bailey   | Entered a bailey
 11344 | Bailey   | Found an iron altar of Okawaru.
 11365 | Bailey   | Acquired a +3 triple sword of holy wrath
 11601 | D:13     | Reached skill level 10 in Evocations
 11630 | D:13     | Noticed a catoblepas
 11649 | D:13     | Noticed an ironbound preserver
 11694 | D:13     | Killed an ironbound preserver
 11705 | D:13     | Killed a catoblepas
 11706 | D:13     | Reached skill level 13 in Long Blades
 11787 | D:13     | Found a gate to the Vaults.
 11792 | D:13     | Killed a one-headed hydra
 11997 | D:13     | Killed Kirke
 12066 | D:13     | Found a sacrificial altar of Ru.
 12617 | D:14     | Reached XP level 14. HP: 101/113 MP: 14/14
 13072 | D:14     | Noticed Louise
 13087 | D:14     | Killed Louise
 13327 | D:15     | Entered Level 15 of the Dungeon
 13631 | D:15     | Reached skill level 14 in Long Blades
 14006 | D:15     | Bought an ichor-stained hunting sling for 175 gold pieces
 14006 | D:15     | Identified the +6 hunting sling of Forgiveness {freeze,
                  | rElec rN++ Int-5 Dex+2} (You bought it in a shop on level
                  | 15 of the Dungeon)
 14496 | D:15     | Found a staircase to the Depths.
 14496 | D:15     | Noticed a stone giant
 14504 | D:15     | Killed a stone giant
 14755 | Lair:1   | Found a transporter.
 14791 | Lair:1   | Found a transporter.
 14991 | Lair:1   | Killed from afar by a swamp worm

Illustrated notes

Levels and vault maps discovered:
D:1:      psy_arrival_whirlpool, layout_basic
D:2:      layout_basic, serial_glass, glass_columns_a, glass_columns_a,
          glass_columns_c, glass_columns_a, glass_columns_b, glass_columns_b,
          glass_columns_b, glass_columns_b, glass_columns_b, glass_columns_a,
          glass_columns_b, glass_columns_a, glass_columns_a, glass_columns_b
D:3:      layout_rooms, nicolae_overflow_crystal_walls, uniq_robin
D:4:      layout_rooms, mainiacjoe_overflow_cross_hatched, serial_shops,
          nicolae_square_shop, nicolae_lakefront_shop, nicolae_shop_trees,
          nicolae_stop_n_shop_1, shop_fountains, ebering_ghost_gozag
D:5:      layout_loops_cross, temple_green
D:6:      layout_loops_ring, uniq_menkaure
D:7:      cheibrodos_statue_roulette, layout_loops_ring, uniq_maggie
D:8:      layout_rooms
D:9:      layout_roguey, david_orc_3, minmay_evil_grid
D:10:     layout_big_octagon, nicolae_qazlal_scattered_showers,
          mainiacjoe_overflow_alcove_2, minmay_liquid_box, uniq_erica
D:11:     layout_loops_cross, dpeg_lair_monsters, chequers_decorated_corner,
          eino_jars
D:12:     layout_basic, trog_butcher_becter
D:13:     layout_roguey, skrybe_vaults_entry_preservation, enter_bailey_2,
          nicolae_ru_the_path_less_chosen, uniq_kirke
D:14:     layout_roguey, nrook_mini_vaults, uniq_louise
D:15:     grunt_enter_depths_snipers, layout_loops_cross, serial_bayou_pond_e
Temple:   dpeg_five_rooms_temple
Lair:1:   gammafunk_worm_tunnel, layout_gridlike, nicolae_quartered_pool_little

Skill      XL: |  1  2  3  4  5  6  7  8  9 10 11 12 13 14 |
---------------+-------------------------------------------+-----
Long Blades    | 3 4 5 6 7 8 9 10 11 13 14 | 14.3
Fighting       | 4 5 6 7 8 9 10 11 12 | 12.2
Armour         | 4 5 6 7 8 9 10 11 12 | 12.2
Evocations     | 1 3 4 6 7 9 10 11 | 11.3
Shields        | 4 7 9 |  9.7

Action                   |  1- 3 |  4- 6 |  7- 9 | 10-12 | 13-15 || total
-------------------------+-------+-------+-------+-------+-------++-------
Melee: Long sword        |   100 |    22 |    92 |   543 |   191 ||   948
       Spear             |       |    74 |     5 |    56 |    13 ||   148
       Dagger            |       |       |   418 |   214 |       ||   632
       Morningstar       |       |       |       |     7 |       ||     7
       Triple sword      |       |       |       |       |   295 ||   295
       Unarmed           |       |       |       |       |     4 ||     4
Throw: Dart              |       |       |     2 |     5 |       ||     7
Invok: Call Merchant     |       |       |       |     2 |     1 ||     3
       Potion Petition   |       |       |       |       |     1 ||     1
 Abil: Dig               |       |       |       |     2 |     2 ||     4
Evoke: Wand              |       |       |     2 |     8 |     7 ||    17
  Use: Scroll            |     1 |       |     6 |     6 |     7 ||    20
       Potion            |       |       |       |     2 |     3 ||     5
 Stab: Paralysed         |       |       |     4 |    10 |     9 ||    23
       Distracted        |       |       |     1 |     2 |       ||     3
       Petrified         |       |       |       |       |    13 ||    13
       Petrifying        |       |       |       |       |     2 ||     2
Armor: Scale mail        |    16 |       |       |       |       ||    16
       Plate armour      |    27 |    35 |   220 |   299 |   301 ||   882
       Skin              |       |       |       |       |     1 ||     1
Dodge: Dodged            |    54 |    47 |   206 |   283 |   208 ||   798
Block: Buckler           |    26 |    10 |    72 |       |       ||   108
       Kite shield       |       |       |     4 |   397 |   161 ||   562
       Tower shield      |       |       |       |       |   203 ||   203

Table legend: (Time is in decaauts)
 A = Elapsed time spent in this place.
 B = Non-inter-level travel time spent in this place.
 C = Inter-level travel time spent in this place.
 D = Time resting spent in this place.
 E = Time spent auto-exploring this place.
 F = Levels seen in this place.
 G = Mean time per level.
                   A        B        C        D        E       F      G
               +--------+--------+--------+--------+--------+-----+--------+
         Total |  14960 |  13539 |   1421 |   1188 |   7043 |  18 |  831.1 |
       Dungeon |  14204 |  12890 |   1314 |   1179 |   6679 |  15 |  946.9 |
        Temple |    366 |    260 |    106 |      0 |    248 |   1 |  366.0 |
          Lair |    259 |    258 |      1 |      0 |    116 |   1 |  259.0 |
        Bailey |    129 |    129 |      0 |      9 |      0 |   1 |  129.0 |
               +--------+--------+--------+--------+--------+-----+--------+

Top non-repeatable levels by time:
    D:13: 1308 daAuts
    D:11: 1241 daAuts
     D:5: 1225 daAuts
    D:14: 1208 daAuts
     D:7: 1112 daAuts
     D:9: 1040 daAuts
     D:1: 1027 daAuts
    D:15: 986 daAuts
     D:4: 874 daAuts
     D:2: 870 daAuts
     D:6: 852 daAuts
    D:12: 699 daAuts
     D:3: 600 daAuts
     D:8: 593 daAuts
    D:10: 564 daAuts
